 Dungeon Crawl Stone Soup version 0.21.0 (webtiles) character file.

112 tidbits the Sneak (level 4, -3/18 HPs)
             Began as a Felid Air Elementalist on Jan 7, 2018.
             Was an Initiate of Cheibriados.
             Slain by Grinder (4 damage)
             ... on level 6 of the Dungeon.
             The game lasted 00:09:03 (1347 turns).

tidbits the Sneak (Felid Air Elementalist)          Turns: 1347, Time: 00:09:04

Health: -3/18      AC:  1    Str:  6    XL:     4   Next: 64%
Magic:  0/8        EV: 18    Int: 18    God:    Cheibriados [......]
Gold:   149        SH:  0    Dex: 17    Spells: 1/7 levels left
                                        Lives:  0   Deaths: 1

rFire    . . .     SeeInvis +     - Unarmed
rCold    + . .     Gourm    .   (shield unavailable)
rNeg     . . .     Faith    .   (armour unavailable)
rPois    .         Spirit   +   (helmet unavailable)
rElec    .         Reflect  .   (cloak unavailable)
rCorr    .         Harm     .   (gloves unavailable)
MR       .....                  (boots unavailable)
Stlth    +++++.....             r - amulet of guardian spirit
HPRegen  0.06/turn              h - ring of protection from cold
MPRegen  0.11/turn              t - ring of stealth

@: very slightly contaminated, slow
A: very small, no armour, no weapons or thrown items, stealth, claws 1, fangs 3,
see invisible, carnivore, speed 1, shaggy fur 1, slow metabolism 1, sharp paws
a: Bend Time, Renounce Religion


You were on level 6 of the Dungeon.
You worshipped Cheibriados.
Cheibriados was noncommittal.
You were not hungry.

You visited 1 branch of the dungeon, and saw 7 of its levels.

You collected 149 gold pieces.

Inventory:

Missiles
 l - 62 arrows
Jewellery
 h - a ring of protection from cold (left paw)
   (You found it on level 1 of the Dungeon)
 r - an amulet of guardian spirit (around neck)
   (You found it on level 4 of the Dungeon)
 t - a ring of stealth (right paw)
   (You found it on level 7 of the Dungeon)
Wands
 p - a wand of clouds (1)
Scrolls
 c - 4 scrolls of identify {unknown}
 d - 2 scrolls of immolation {unknown}
 e - 2 scrolls of blinking {unknown}
 f - 2 scrolls of magic mapping {unknown}
 k - 2 scrolls of remove curse {unknown}
 m - a scroll of fear {unknown}
Potions
 g - a potion of might {unknown}
 i - a potion of resistance {unknown}
 j - 3 potions of curing {unknown}
 n - a potion of agility {unknown}
 o - a potion of brilliance {unknown}
 q - a potion of cancellation {unknown}
 s - a potion of ambrosia {unknown}
 u - a potion of heal wounds {unknown}
Books
 a - a book of Air

   Spells                             Type                      Level
   a - Shock                          Conjuration/Air              1
   b - Swiftness                      Charms/Air                   2
   c - Static Discharge               Conjuration/Air              3
   d - Airstrike                      Air                          4
   e - Lightning Bolt                 Conjuration/Air              5
Comestibles
 b - 5 rations


   Skills:
 - Level 2.6 Dodging
 + Level 6.3 Stealth
 + Level 3.8 Unarmed Combat
 - Level 2.0 Spellcasting
 - Level 0.8 Conjurations
 - Level 2.6 Air Magic


You had one spell level left.
You knew the following spells:

 Your Spells              Type           Power        Failure   Level  Hunger
a - Shock                 Conj/Air       #...         9%          1    #......
d - Static Discharge      Conj/Air       #.......     26%         3    ###....
W - Swiftness             Chrm/Air       #.......     16%         2    ###....


Dungeon Overview and Level Annotations

Branches:
Dungeon (7/15)
 Temple: D:4-7

Altars:
Cheibriados
Dithmenos
Kikubaaqudgha

Annotations:
D:4 Menkaure
D:6 Grinder


Innate Abilities, Weirdness & Mutations

You cannot wear armour.
You are incapable of wielding weapons or throwing items.
Your paws allow you to move quietly. (Stealth)
You have sharp claws.
You have razor-sharp teeth.
You have supernaturally acute eyesight. (SInv)
You are carnivorous and can eat meat at any time.
You cover ground quickly.
You are covered in fur. (AC +1)
You have a slow metabolism.
Your sharp claws are effective at attacking unaware monsters.


Message History

The bullfrog croaks.
The bullfrog misses you. The bullfrog hits you.
* * * LOW HITPOINT WARNING * * *
Casting: Shock
Confirm with . or Enter, or press ? or * to list all spells.
Aiming: Shock
Press: ? - help, Shift-Dir - straight line The zap hits the bullfrog.
The bullfrog is lightly wounded.
The zap hits the bullfrog.
The bullfrog is lightly wounded.
The bullfrog barely misses you. The bullfrog completely misses you.
Casting: Shock
Confirm with . or Enter, or press ? or * to list all spells.
Aiming: Shock
Press: ? - help, Shift-Dir - straight line The zap hits the bullfrog.
The bullfrog is moderately wounded.
The zap hits the bullfrog.
The bullfrog is moderately wounded.
The bullfrog closely misses you.
Casting: Shock
Confirm with . or Enter, or press ? or * to list all spells.
You don't have enough magic to cast that spell.
You scratch the bullfrog but do no damage.
The bullfrog is moderately wounded.
The bullfrog hits you.
You die...
The bullfrog barely misses you.
You are now level 4!
You rejoin the land of the living...
An iguana comes into view.
The iguana moves out of view.
Found 18 gold pieces.
Grinder comes into view.
You pounce on the unaware helpless Grinder!
You mangle Grinder!!
Grinder is heavily wounded.
Grinder hits you.
You writhe in agony.
Evoke which item? (* to show all) (? for menu, Esc to quit)
Aiming: Cloud Cone
Press: ? - help, Dir - move target cursor, f - Grinder
Aim: Grinder (heavily wounded)
You create a blast of poison gas!
Grinder gestures at you. Pain shoots through your body!
Unknown command.
You scratch Grinder.
Grinder is severely wounded.
Grinder gestures at you. You resist with some effort.
Okay, then.
You scratch Grinder.
Grinder is severely wounded.
Grinder misses you.
You barely miss Grinder. Your bite misses Grinder.
Grinder is severely wounded.
Grinder completely misses you.
You completely miss Grinder. You bite Grinder, but do no damage.
Grinder is severely wounded.
Grinder blinks!
Really walk into that cloud of poison gas? [Y]es or [N]o only, please.
Really walk into that cloud of poison gas?
Okay, then.
Grinder misses you.
You scratch Grinder.
Grinder is severely wounded.
Grinder hits you.
You writhe in agony.
* * * LOW HITPOINT WARNING * * *
You closely miss Grinder.
Grinder is severely wounded.
Grinder blinks!
You now have 149 gold pieces (gained 18).
Grinder blinks!
Casting: Shock
Confirm with . or Enter, or press ? or * to list all spells.
Aiming: Shock
Press: ? - help, Shift-Dir - straight line, f/p - Grinder
Aim: Grinder (severely wounded)
You miscast Shock.
You are very lightly contaminated with residual magic.
Nothing appears to happen.
Grinder says, "Tell me all your secrets, or I'll kill you."
Grinder blinks!
You cannot walk slowly right now!
Grinder blinks!
You scratch Grinder.
Grinder is almost dead.
You scratch Grinder.
Grinder is almost dead.
Grinder hits you!
* * * LOW HITPOINT WARNING * * *
You writhe in agony.
* * * LOW HITPOINT WARNING * * *
You scratch Grinder but do no damage.
Grinder is almost dead.
Grinder hits you.
You die...

#.## #..#
#..# ##..#
#..# ...#
##..# #...
#.ยง.# #..#
#..# #..#
#..#
#.######..#
#.....5@..#
.
###..#.#..#
#.###..##
.......##
##.# #.
....### .##
... .. # .
##. ...


You could see Grinder.

Vanquished Creatures
  A bullfrog (D:4)
  A hound (D:5)
  A centaur skeleton (D:4)
  2 worker ant zombies (D:6)
  3 adders
  An ooze (D:3)
  An adder zombie (D:5)
  A worm (D:2)
  A dart slug (D:6)
  3 leopard geckos
  An orc (D:3)
  5 bats
  4 giant cockroaches
  A goblin (D:2)
  2 hobgoblins
  4 kobolds
  3 quokkas
  6 rats
41 creatures vanquished.

Notes
Turn   | Place    | Note
-------+----------+-------------------------------------------
     0 | D:1      | tidbits the Felid Air Elementalist began the quest for the Orb.
     0 | D:1      | Reached XP level 1. HP: 7/7 MP: 4/4
   105 | D:1      | Reached skill level 3 in Stealth
   150 | D:1      | Reached skill level 1 in Unarmed Combat
   161 | D:1      | Reached XP level 2. HP: 10/11 MP: 4/6
   405 | D:2      | Reached skill level 4 in Stealth
   455 | D:2      | Reached XP level 3. HP: 4/14 MP: 2/7
   558 | D:2      | HP: 1/14 [kobold/enchanted short sword (4)]
   633 | D:2      | Found an ancient bone altar of Kikubaaqudgha.
   713 | D:3      | Reached skill level 2 in Unarmed Combat
   889 | D:5      | Entered Level 5 of the Dungeon
   944 | D:5      | Reached skill level 5 in Stealth
   944 | D:5      | Reached XP level 4. HP: 11/18 MP: 5/8
   954 | D:5      | Noticed a sky beast
  1000 | D:4      | Noticed Menkaure
  1032 | D:4      | Reached skill level 3 in Unarmed Combat
  1037 | D:4      | Learned a level 2 spell: Swiftness
  1041 | D:4      | Learned a level 3 spell: Static Discharge
  1069 | D:4      | Found a shadowy altar of Dithmenos.
  1070 | D:4      | Noticed a bullfrog
  1136 | D:4      | Killed a bullfrog
  1136 | D:4      | Reached skill level 6 in Stealth
  1136 | D:4      | Reached XP level 5. HP: 7/21 MP: 5/9
  1265 | D:6      | Found a snail-covered altar of Cheibriados.
  1270 | D:6      | Became a worshipper of Cheibriados the Contemplative
  1316 | D:6      | Slain by a bullfrog
  1317 | D:6      | Reached XP level 4. HP: -1/18 MP: 0/8
  1323 | D:6      | Noticed Grinder
  1346 | D:6      | HP: 1/18 [Grinder (3)]
  1347 | D:6      | Slain by Grinder

Skill      XL: |  1  2  3  4 |
---------------+-------------+-----
Stealth        | 3 4 5 6 |  6.3
Unarmed Combat | 1 2 3 |  3.8
Dodging        | |  2.6
Spellcasting   | |  2.0
Conjurations   | |  0.8
Air Magic      | |  2.6

Action                   |  1- 3 |  4- 6 || total
-------------------------+-------+-------++-------
Melee: Unarmed           |    27 |    35 ||    62
       Bite              |       |     3 ||     3
 Cast: Shock             |    33 |    12 ||    45
Evoke: Wand              |       |     1 ||     1
 Stab: Sleeping          |    14 |     6 ||    20
  Eat: Chunk             |     5 |     1 ||     6
Armor: Skin              |     2 |     1 ||     3
Dodge: Dodged            |    35 |    26 ||    61

Table legend:
 A = Turns spent in this place as a percentage of turns spent in the entire game.
 B = Non-inter-level travel turns spent in this place as a percentage of non-inter-level travel turns spent in the entire game.
 C = Inter-level travel turns spent in this place as a percentage of turns spent in this place.
 D = Turns resting spent in this place as a percentage of non-inter-level travel turns spent in this place.
 E = Turns spent auto-exploring this place as a percentage of non-inter-level travel turns spent in this place.
 F = Non-inter-level travel turns spent in this place divided by the number of levels of this place that you've seen.
                   A       B       C       D       E      F
               +-------+-------+-------+-------+-------+----------------------
         Total | 100.0 | 100.0 |   2.8 |   0.0 |   0.0 | 187.0
       Dungeon | 100.0 | 100.0 |   2.8 |   0.0 |   0.0 | 187.0
               +-------+-------+-------+-------+-------+----------------------

Table legend:
 A = Kills in this place as a percentage of kills in entire the game.
 B = Kills by you in this place as a percentage of kills by you in the entire game.
 C = Kills by friends in this place as a percentage of kills by friends in the entire game.
 D = Other kills in this place as a percentage of other kills in the entire game.
 E = Experience gained in this place as a percentage of experience gained in the entire game.
 F = Experience gained in this place divided by the number of levels of this place that you have seen.
                   A       B       C       D       E      F
               +-------+-------+-------+-------+-------+----------------------
         Total | 100.0 | 100.0 |   N/A |   N/A | 100.0 |  45.1
       Dungeon | 100.0 | 100.0 |   N/A |   N/A | 100.0 |  45.1
               +-------+-------+-------+-------+-------+----------------------

Vault maps used:
D:1:      minmay_arrival_wavy_path, serial_forest, infiniplex_forest_clump_long,
          infiniplex_forest_clump_small, infiniplex_forest_clump_small,
          infiniplex_forest_lined_ring, infiniplex_forest_end_1
D:2:      lemuel_doored_altar, uniq_crazy_yiuf_cottage
D:4:      nicolae_dithmenos_the_darkroom, uniq_menkaure
D:5:      kb_forest_paths, lemuel_round_altar,
          nicolae_gozag_cash_rules_everything_around_me, kennysheep_little_box,
          first_ration
D:6:      zin_treasury, kennysheep_slug_shrine, temple_hall_moat,
          gup_sewer_entry_bowl, uniq_grinder
